 Dungeon Crawl Stone Soup version 0.29.1-2-gbd0b4ee654 (webtiles) character file.

Game seed: 927056805294435074

3388 bimpf the Basher (level 9, 0/82 HPs)
             Began as a Minotaur Berserker on Oct 23, 2022.
             Was an Elder of Trog.
             Engulfed by a cloud of flame (21 damage)
             ... on level 9 of the Dungeon on Oct 24, 2022.
             The game lasted 01:33:09 (11705 turns).

bimpf the Basher (Minotaur Berserker)              Turns: 11705, Time: 01:33:09

Health: 0/82       AC: 16    Str: 26    XL:     9   Next: 74%
Magic:  8/8        EV:  8    Int:  4    God:    Trog [****..]
Gold:   511        SH:  0    Dex: 10    Spells: 8/8 levels left

rFire   . . .      SeeInvis .   a - +2 mace (protect)
rCold   . . .      Faith    .   s - orb {light}
rNeg    . . .      Spirit   .   k - +1 plate armour
rPois   .          Reflect  .   (helmet restricted)
rElec   .          Harm     .   z - scarf {shadows}
rCorr   +          Rampage  .   O - +0 pair of gloves
Will    .....                   (no boots)
Stlth   ..........              (no amulet)
HPRegen 0.23/turn               e - ring of resist corrosion
MPRegen 0.11/turn               (no ring)

@: glowing
A: horns 2, retaliatory headbutt
a: Renounce Religion, Berserk, Trog's Hand, Brothers in Arms


You were on level 9 of the Dungeon.
You worshipped Trog.
Trog was greatly pleased with you.
You visited 1 branch of the dungeon, and saw 9 of its levels.
You also visited: Sewer.

You collected 511 gold pieces.

Inventory:

Hand Weapons
 a - a +2 mace of protection (weapon)
 b - a +2 whip of venom
 E - a +1 long sword of holy wrath
 K - a +2 quarterstaff of chaos
Missiles
 c - 119 stones
 x - 9 boomerangs
 A - 29 poisoned darts
Armour
 k - a +1 plate armour (worn)
 s - an orb of light (worn)
 z - a scarf of shadows (worn)
 L - a +0 cloak
 O - a +0 pair of gloves (worn)
Jewellery
 e - a ring of resist corrosion (left hand)
 G - a ring of willpower
 M - a ring of fire
Wands
 H - a wand of roots (8)
 J - a wand of flame (27)
Scrolls
 f - 4 scrolls of magic mapping
 m - 5 scrolls of fear
 n - a scroll of silence
 q - a scroll of identify (quivered)
 t - a scroll of amnesia
Potions
 d - 7 potions of mutation
 g - a potion of brilliance {unknown}
 h - 2 potions of degeneration {unknown}
 i - 2 potions of attraction {unknown}
 j - a potion of might {unknown}
 l - 2 potions of heal wounds {unknown}
 o - a potion of haste {unknown}
 p - 7 potions of curing {unknown}
 u - 3 potions of lignification {unknown}
 v - a potion of invisibility {unknown}
 w - a potion of ambrosia {unknown}
 B - a potion of experience {unknown}
 C - 2 potions of resistance {unknown}


   Skills:
 + Level 8.5 Fighting
 * Level 12.4 Maces & Flails
 + Level 8.7 Armour
 - Level 2.6 Dodging
 - Level 0.1 Stealth


You had 8 spell levels left.
You didn't know any spells.
Your spell library contained the following spells:

 Spells                   Type           Power      Damage    Failure   Level
 Apportation              Tloc           0%         N/A       99%         1
 Foxfire                  Conj/Fire      0%         2x1d4     99%         1
 Necrotise                Necr           0%         1d4       99%         1
 Summon Small Mammal      Summ           0%         N/A       99%         1
 Blink                    Tloc           0%         N/A       100%        2
 Ensorcelled Hibernation  Hex/Ice        0%         N/A       100%        2
 Passwall                 Tmut/Erth      0%         N/A       100%        2
 Conjure Flame            Conj/Fire      0%         6-21      100%        3
 Inner Flame              Hex/Fire       0%         N/A       100%        3
 Swiftness                Air            0%         N/A       100%        3
 Tukima's Dance           Hex            0%         N/A       100%        3
 Flame Wave               Conj/Fire      0%         2d4       100%        4
 Hailstorm                Conj/Ice       0%         3d3       100%        4
 Ice Form                 Ice/Tmut       0%         N/A       100%        4
 Olgreb's Toxic Radiance  Pois           0%         N/A       100%        4
 Passage of Golubria      Tloc           0%         N/A       100%        4
 Manifold Assault         Tloc           0%         N/A       100%        5
 Yara's Violent Unravell  Hex/Tmut       0%         3d3       100%        5
 Dispersal                Tloc           0%         N/A       100%        6
 Simulacrum               Ice/Necr       0%         N/A       100%        6
 Ozocubu's Refrigeration  Ice            0%         4d7       100%        7
 Storm Form               Tmut/Air       0%         N/A       100%        7
 Disjunction              Tloc           0%         N/A       100%        8
 Ignition                 Fire           0%         3d3       100%        8


Dungeon Overview and Level Annotations

Branches:
Dungeon (9/15)             Temple (0/1) D:4           Sewer (visited)
   Lair: D:8-11         Orc: D:9-12

Altars:
Ashenzari
Cheibriados
Kikubaaqudgha
Makhleb
Sif Muna
Trog
Uskayaw
Wu Jian
Xom
Yredelemnul
The Shining One

Annotations:
D:6 2 transporters, kwasso's ghost, novice OpTm


Innate Abilities, Weirdness & Mutations

You have a pair of horns on your head.
You reflexively headbutt those who attack you in melee.


Message History

Flame seeps out of your killer bee.
Your killer bee is engulfed in poison gas.
Your killer bee looks even sicker.
Flame seeps out of your killer bee.
Your killer bee looks as sick as possible!
Flame seeps out of your killer bee.
Your killer bee is engulfed in poison gas.
Your killer bee looks as sick as possible!
Flame seeps out of your killer bee.
Your killer bee is engulfed in poison gas.
Your killer bee looks as sick as possible!
Your killer bee's corpse dissolves into shadows!
Your killer bee explodes!
The fiery explosion engulfs your killer bee!
Your killer bee's corpse dissolves into shadows!
The fiery explosion engulfs you!!
The fiery explosion engulfs your killer bee!!
Your killer bee's corpse dissolves into shadows!
Your killer bee explodes! x2
The fiery explosion engulfs your killer bee!
Flame seeps out of your killer bee.
Your killer bee is almost dead.
The fiery explosion engulfs your killer bee!
Flame seeps out of your killer bee.
Your killer bee is almost dead.
The fiery explosion engulfs you!!
Your killer bee dissolves into shadows! x2
You hear an angry buzzing noise.
Really walk into that cloud of poison gas? [Y]es or [N]o only, please.
Really walk into that cloud of poison gas?
Okay, then.
You feel extremely strange.
You feel clever.
You feel stupid.
You are engulfed in blazing flames.
You hear the faint creaking of a very distant portcullis.
You are engulfed in blazing flames.
* * * LOW HITPOINT WARNING * * *
You are engulfed in blazing flames.
You die...

###########
#§☼§☼§§.§§§
#§§§.§g§§§§
+g§§§gy§§☼☼
#☼§☼gyy§☼☼§
#☼☼§§☼☼§§§☼
#g§§@§☼☼§y§
#§§§§§§§§§§
####+######


You could see a friendly gnoll bouda (summoned, inner flame), 4 friendly killer
bees and 4 friendly gnolls.

Vanquished Creatures
  2 steam dragons
  A water moccasin (D:8)
  An orc warrior (D:6)
  3 ice beasts
  2 sky beasts (D:7)
  A black bear (D:5)
  4 ogres
  3 phantoms
  2 kobold brigands
  4 bullfrogs
  A scorpion (D:6)
  11 killer bees
  3 jellies
  A gnoll bouda (D:7)
  2 hounds
  2 orc priests
  Crazy Yiuf (D:6)
  6 iguanas
  An orc wizard (D:8)
  7 gnolls
  12 adders
  7 river rats
  A shadow imp (D:7)
  3 white imps (D:7)
  A worm (D:3)
  2 dart slugs
  13 orcs
  An endoplasm (D:3)
  7 giant cockroaches
  8 goblins
  6 hobgoblins
  8 jackals
  34 kobolds
  5 quokkas
  17 ball pythons
  2 bats (D:2)
  7 frilled lizards
  34 rats
226 creatures vanquished.

Vanquished Creatures (others)
  3 fungi (D:6)
  6 plants (D:6)
9 creatures vanquished.

Grand Total: 235 creatures vanquished

Notes
Turn   | Place    | Note
-------+----------+-------------------------------------------
     0 | D:1      | bimpf the Minotaur Berserker began the quest for the Orb.
     0 | D:1      | Reached XP level 1. HP: 19/19 MP: 0/0
   339 | D:1      | Reached XP level 2. HP: 22/27 MP: 1/1
   369 | D:1      | Found a faded altar of an unknown god.
   377 | D:1      | Reached skill level 4 in Maces & Flails
  1073 | D:2      | Reached ** piety under Trog
  1074 | D:2      | Reached XP level 3. HP: 29/33 MP: 2/2
  2681 | D:3      | Reached XP level 4. HP: 41/41 MP: 3/3
  2684 | D:3      | Reached skill level 5 in Maces & Flails
  3476 | D:3      | Found a shimmering blue altar of Sif Muna.
  3768 | D:4      | Reached XP level 5. HP: 47/47 MP: 4/4
  3911 | D:4      | Found a staircase to the Ecumenical Temple.
  3917 | D:4      | Noticed a phantom
  3930 | D:4      | Killed a phantom
  3931 | D:4      | Reached skill level 6 in Maces & Flails
  3941 | D:4      | Reached XP level 6. HP: 53/53 MP: 5/5
  3956 | D:4      | Reached *** piety under Trog
  4476 | D:4      | Found a shimmering altar of Xom.
  4484 | D:4      | Found an ancient bone altar of Kikubaaqudgha.
  4490 | D:4      | Found an ornate altar of the Wu Jian Council.
  4577 | D:5      | Entered Level 5 of the Dungeon
  4627 | D:5      | Reached skill level 5 in Armour
  4764 | D:5      | Found a glowing drain.
  4774 | Sewer    | Entered a sewer
  4803 | Sewer    | Reached skill level 7 in Maces & Flails
  5129 | Sewer    | Reached XP level 7. HP: 60/60 MP: 6/6
  5353 | Sewer    | Reached skill level 5 in Fighting
  5461 | Sewer    | Reached **** piety under Trog
  5700 | D:5      | Reached skill level 8 in Maces & Flails
  6170 | D:5      | Found a hide-covered altar of Uskayaw.
  6520 | D:5      | Reached skill level 9 in Maces & Flails
  6680 | D:5      | Found a bloodstained altar of Trog.
  6738 | D:5      | Reached XP level 8. HP: 50/70 MP: 7/7
  7337 | D:6      | Found a glowing golden altar of the Shining One.
  7347 | D:6      | Found a basalt altar of Yredelemnul.
  7350 | D:6      | Noticed a profane servitor
  7470 | D:6      | Found a transporter.
  7497 | D:6      | Identified the +5 trident "Ufoqaumpadach" {pain, rPois
                  | Will+ Dex-3}
  7522 | D:6      | Found a transporter.
  7526 | D:6      | Noticed kwasso's ghost (novice OpTm)
  7702 | D:6      | Reached skill level 10 in Maces & Flails
  8334 | D:6      | Found a snail-covered altar of Cheibriados.
  8691 | D:6      | Found a runed translucent door.
  8692 | D:6      | Noticed Crazy Yiuf
  8787 | D:6      | Killed Crazy Yiuf
  9035 | D:7      | Found a broken altar of Ashenzari.
  9403 | D:7      | Reached XP level 9. HP: 79/79 MP: 8/8
  9409 | D:7      | Reached skill level 11 in Maces & Flails
 10670 | D:8      | Reached skill level 12 in Maces & Flails
 10704 | D:8      | Found a burning altar of Makhleb.
 11703 | D:9      | Gained mutation: Your mind is acute. (Int +4, Str/Dex -1)
                  | [potion of mutation]
 11703 | D:9      | Lost mutation: Your mind is acute. (Int +4, Str/Dex -1)
                  | [potion of mutation]
 11705 | D:9      | Engulfed by a cloud of flame

Illustrated notes

Levels and vault maps discovered:
D:1:      enne_arrival_octagon_isle, layout_basic,
          hellmonk_ecumenical_altar_lost_god, roderic_serpentine_path
D:2:      layout_basic, hangedman_feature_mirror
D:3:      layout_loops_cross, mainiacjoe_overflow_alcove_4
D:4:      layout_basic, minmay_overflow_temple_star_quad,
          minmay_temple_entry_mini_moons, nrook_uturn
D:5:      layout_layer_cave, mainiacjoe_overflow_brackets,
          mainiacjoe_overflow_six_doors_small, portal_sewer_entry_e
D:6:      layout_rooms, grunt_temple_overflow_holy_war,
          mainiacjoe_overflow_chevrons, gammafunk_ghost_gnarly_gnolls,
          st_stairs_14, nicolae_concentric_dashed_squares_wild,
          uniq_crazy_yiuf_cottage
D:7:      layout_loops_corners, mainiacjoe_overflow_24_doors
D:8:      layout_cave_pods, kennysheep_little_box, nicolae_elevator_lobby_plus
D:9:      layout_roguey, nicolae_qazlal_style_of_elements, david_lair_shrubbed,
          enter_bailey_3, st_stairs_14

Skill      XL: |  1  2  3  4  5  6  7  8  9 |
---------------+----------------------------+-----
Fighting       | 4 5 7 8 |  8.5
Maces & Flails | 4 5 6 7 9 10 12 | 12.4
Armour         | 3 4 5 6 7 8 |  8.7
Dodging        | |  2.6
Stealth        | |  0.1

Action                   |  1- 3 |  4- 6 |  7- 9 || total
-------------------------+-------+-------+-------++-------
Melee: Mace              |    90 |   138 |   259 ||   487
       Headbutt          |     9 |    20 |    54 ||    83
       Dagger            |     2 |       |       ||     2
Invok: Berserk           |       |     3 |     6 ||     9
  Use: Scroll            |       |     3 |     9 ||    12
       Potion            |       |       |     1 ||     1
Armor: Ring mail         |     4 |       |       ||     4
       Animal skin       |     2 |       |       ||     2
       Plate armour      |    44 |   115 |   180 ||   339
Dodge: Dodged            |    35 |    66 |   108 ||   209
